 Dungeon Crawl Stone Soup version 0.29.0-15-g675c0067aa (webtiles) character file.

Game seed: 10429015809660511299

0 qw the Sneak (level 1, -2/14 HPs)
             Began as a Gargoyle Delver on Sept 11, 2022.
             Slain by a mummy (7 damage)
             ... in an ossuary.
             The game lasted 00:00:04 (282 turns).

qw the Sneak (Gargoyle Delver)                       Turns: 282, Time: 00:00:04

Health: -2/14      AC:  5    Str: 15    XL:     1   Next: 10%
Magic:  1/1        EV: 11    Int: 10    God:
Gold:   14         SH:  0    Dex: 11    Spells: 0/0 levels left

rFire   . . .      SeeInvis .   Y - +1 hand axe
rCold   . . .      Faith    .   (no shield)
rNeg    + . .      Spirit   .   b - +0 leather armour
rPois   inf        Reflect  .   (no helmet)
rElec   +          Harm     .   (no cloak)
rCorr   .          Rampage  .   (no gloves)
Will    .....                   (no boots)
Stlth   +++.......              (no amulet)
HPRegen 0.04/turn               (no ring)
MPRegen 0.07/turn               (no ring)

@: no status effects
A: sickness immunity, AC +2, negative energy resistance 1, electricity
resistance, torment resistance 1, petrification resistance
a: no special abilities


You were in an ossuary.
You visited 1 branch of the dungeon, and saw 2 of its levels.
You also visited: Ossuary.

You collected 14 gold pieces.


Innate Abilities, Weirdness & Mutations

You are immune to sickness and miasma.
Your stone body is resilient. (AC +2)
You are immune to poison.
You resist negative energy. (rN+)
You are resistant to electric shocks. (rElec)
You are resistant to unholy torment.
You are immune to petrification.


   Skills:
 - Level 3.2 Fighting
 + Level 1.8 Axes
 - Level 1.5 Dodging
 - Level 5.4 Stealth


You couldn't memorise any spells.
You didn't know any spells.
Your spell library was empty.

Inventory:

Hand Weapons
 Y - a +1 hand axe (weapon)
Armour
 b - a +0 leather armour (worn)
Wands
 g - a wand of digging (3)
Potions
 f - a potion of haste

Dungeon Overview and Level Annotations

Branches:
Dungeon (5/15)            Ossuary (1/1)
 Temple: D:4-7

Altars:


Message History

You open the door.
There is an open door here.
You open the door.
There is an open door here.
Found a potion of degeneration.
A mummy comes into view.
Found four items.
270 ||| Stepping ~*~*~tactically~*~*~ (stealth).
Throw: 2 javelins
Press: ? - help, Q - select action Shift-Dir - straight line, f - mummy You throw a javelin.
The javelin barely misses the mummy.
Throw: javelin
Press: ? - help, Q - select action Shift-Dir - straight line, f/p - mummy You throw a javelin.
The javelin pierces through the mummy!
The mummy is moderately damaged.
You hit the mummy but do no damage.
The mummy is moderately damaged.
The mummy barely misses you.
You hit the mummy.
The mummy is heavily damaged.
You hit the mummy.
The mummy is severely damaged.
The mummy closely misses you.
You hit the mummy but do no damage.
The mummy is severely damaged.
The mummy hits you!
Ouch! That really hurt!
You closely miss the mummy.
The mummy is severely damaged.
The mummy closely misses you.
You hit the mummy.
The mummy is almost destroyed.
You hit the mummy.
The mummy is almost destroyed.
The mummy barely misses you.
You hit the mummy but do no damage.
The mummy is almost destroyed.
The mummy hits you!
Ouch! That really hurt!
You die...

### !( .. .#
###+### .#
##.^...## ##M+
##.......###@.#
#.........#...+
+....}....'...#
#.....^...#...+
##.......###..#
##.....## ##.+
###'### ^# #.#
.# ##.## ?!


You could see a mummy.

Vanquished Creatures
  A ball python (D:4)
1 creature vanquished.

Notes
Turn   | Place    | Note
-------+----------+-------------------------------------------
     0 | D:5      | qw the Gargoyle Delver began the quest for the Orb.
     0 | D:5      | Reached XP level 1. HP: 14/14 MP: 1/1
     0 | D:5      | 0 ||| qw: Version: 0.1-a-117-gfe26ee0
     0 | D:5      | 0 ||| qw: Game counter: 10045
     0 | D:5      | 0 ||| qw: Always use a shield: true
     0 | D:5      | 0 ||| qw: God list: Okawaru
     0 | D:5      | 0 ||| qw: Allow faded altars: false
     0 | D:5      | 0 ||| qw: Do Orc after D:15 true
     0 | D:5      | 0 ||| qw: Do second Lair branch before Depths: true
     0 | D:5      | 0 ||| qw: Lair rune preference: random
     0 | D:5      | 0 ||| qw: Plans: Normal
     0 | D:5      | 0 ||| PLANNING D:1-11
     0 | D:5      | 0 ||| DROPPING scroll of fog.
     1 | D:5      | 1 ||| DROPPING scroll of magic mapping.
     2 | D:5      | 2 ||| DROPPING scroll of fear.
     8 | D:4      | 8 ||| PLANNING OSSUARY
   216 | D:4      | Found a sand-covered staircase.
   217 | D:4      | 217 ||| READING scroll labelled SOCLUD YFRU.
   250 | D:4      | 250 ||| READING scroll labelled KUMAAGGAMO.
   256 | Ossuary  | Entered an ossuary
   270 | Ossuary  | 270 ||| Stepping ~*~*~tactically~*~*~ (stealth).
   282 | Ossuary  | Slain by a mummy

Levels and vault maps discovered:
D:4:      layout_cave_pods, minmay_temple_entry_junction, enter_ossuary_2,
          gammafunk_ghost_smash
D:5:      layout_rooms, nicolae_overflow_quartered_altars, lightli_minifort,
          uniq_crazy_yiuf_cottage
Ossuary:  ossuary_crypta

Action                   || total
-------------------------++-------
Melee: Hand axe          ||    10
Throw: Javelin           ||     2
  Use: Scroll            ||     2
Armor: Leather armour    ||     1
Dodge: Dodged            ||     4

Table legend:
 A = Non-vault XP
 B = Vault XP
 C = Vault XP percentage of total XP
 D = Non-vault monster count
 E = Vault monster count
 F = Vault count percentage of total count
                 A         B        C        D         E       F
            +---------+---------+-------+---------+---------+-------
      Total |       1 |       0 |   0.0 |       1 |       0 |   0.0
            +---------+---------+-------+---------+---------+-------
        D:4 |       1 |       0 |   0.0 |       1 |       0 |   0.0
            +---------+---------+-------+---------+---------+-------
